 Dungeon Crawl Stone Soup version 0.23.2-40-g277498a001 (webtiles) character file.

Game seed: 1713087856690202677

306 Curus the Spear-Bearer (level 6, -2/50 HPs)
             Began as a Minotaur Gladiator on Oct 21, 2019.
             Slain by a gnoll
             ... wielding a +0 spear
              (5 damage)
             ... on level 3 of the Dungeon.
             The game lasted 00:14:23 (2290 turns).

Curus the Spear-Bearer (Minotaur Gladiator)         Turns: 2290, Time: 00:14:23

Health: -2/50      AC:  5    Str: 15 (18) XL:     6   Next: 16%
Magic:  5/5        EV: 12    Int:  6 (7)  God:
Gold:   164        SH:  0    Dex: 10 (12) Spells: 5/5 levels left

rFire    + . .     SeeInvis .   a - +0 trident
rCold    + . .     Gourm    .   (no shield)
rNeg     . . .     Faith    .   b - +1 leather armour
rPois    .         Spirit   .   c - +1 hat
rElec    .         Reflect  .   e - scarf {rC+ rF+}
rCorr    .         Harm     .   (no gloves)
MR       .....                  (no boots)
Stlth    +.........             (no amulet)
HPRegen  0.16/turn              (no ring)
MPRegen  0.09/turn              (no ring)

@: no status effects
A: retaliatory headbutt, horns 2
a: no special abilities


You were on level 3 of the Dungeon.
You were hungry.

You visited 1 branch of the dungeon, and saw 4 of its levels.

You collected 164 gold pieces.

Inventory:

Hand Weapons
 a - a +0 trident (weapon)
Missiles
 d - 2 throwing nets (quivered)
Armour
 b - a +1 leather armour (worn)
 c - a +1 hat (worn)
 e - a scarf of resistance (worn)
Wands
 i - a wand of flame (24)
Scrolls
 h - 3 scrolls of identify
 j - a scroll of enchant armour
 m - a scroll of remove curse
Potions
 g - 2 potions of flight
 k - a potion of agility
Comestibles
 f - 10 rations


   Skills:
 - Level 2.4 Fighting
 + Level 8.4 Polearms
 - Level 2.0 Throwing
 - Level 3.2 Dodging


You had 5 spell levels left.
You didn't know any spells.
Your spell library was empty.

Dungeon Overview and Level Annotations

Branches:
Dungeon (4/15)
 Temple: D:4-7

Altars:
Kikubaaqudgha


Innate Abilities, Weirdness & Mutations

You reflexively headbutt those who attack you in melee.
You have a pair of horns on your head.


Message History

* * * LOW HITPOINT WARNING * * *
Attack whom?
Press: ? - help, Dir - move target cursor, f/p - gnoll
Aim: a gnoll, wielding a +0 spear (lightly wounded)
You reach to attack!
You barely miss the gnoll.
The gnoll is lightly wounded.
The gnoll hits you from afar with a +0 spear.
* * * LOW HITPOINT WARNING * * *
You see here 25 stones.
There is a stone staircase leading down here.
You see here 25 stones.
There is a stone staircase leading down here.
You are feeling hungry.
You see here a +0 whip.
The gnoll shouts!
You see here a club.
The gnoll hits you with a +0 spear!
* * * LOW HITPOINT WARNING * * *
The gnoll hits you from afar with a +0 spear.
You die...

#)##......#...≈≈≈≈.
#.##..).[.##..≈≈≈≈.
#.######..##..≈≈≈≈. #.#
#..#..≈≈≈≈≈≈ #.#
#..#.≈...≈.. #g#
#..#._.....⌠ #.#
#..#....##..
#####)#######.########.
#....g@...# #..........
#.>.......# #####..####
#.......g.#######.###
#...................###
#.........#########....
#.....<...# #####
#.........# ##
########### #. #.


You could see 3 gnolls.

Vanquished Creatures
  An ogre (D:2)
  2 hounds (D:4)
  An orc wizard (D:3)
  A gnoll (D:3)
  An adder (D:3)
  An ooze (D:3)
  An adder skeleton (D:4)
  2 worms
  3 dart slugs
  A leopard gecko (D:2)
  5 orcs
  12 bats
  4 giant cockroaches
  11 goblins
  6 hobgoblins
  9 jackals (D:2)
  3 quokkas (D:3)
  2 ball pythons
  3 frilled lizards (D:3)
  10 kobolds
  8 rats
87 creatures vanquished.

Notes
Turn   | Place    | Note
-------+----------+-------------------------------------------
     0 | D:1      | Curus the Minotaur Gladiator began the quest for the Orb.
     0 | D:1      | Reached XP level 1. HP: 18/18 MP: 0/0
    67 | D:1      | Reached skill level 4 in Polearms
   113 | D:1      | Reached XP level 2. HP: 22/25 MP: 1/1
   310 | D:1      | Reached skill level 5 in Polearms
   360 | D:1      | Reached XP level 3. HP: 28/30 MP: 2/2
   873 | D:2      | Noticed an ogre
   884 | D:2      | Killed an ogre
   884 | D:2      | Reached skill level 6 in Polearms
   884 | D:2      | Reached XP level 4. HP: 12/37 MP: 3/3
   890 | D:2      | Reached XP level 5. HP: 7/42 MP: 4/4
  1085 | D:2      | Reached skill level 7 in Polearms
  1936 | D:3      | Found an ancient bone altar of Kikubaaqudgha.
  2040 | D:3      | Found a faded altar of an unknown god.
  2109 | D:3      | Reached skill level 8 in Polearms
  2213 | D:4      | Reached XP level 6. HP: 48/50 MP: 5/5
  2237 | D:3      | HP: 2/50 [gnoll/+0 spear (3)]
  2290 | D:3      | Slain by a gnoll

Skill      XL: |  1  2  3  4  5 |
---------------+----------------+-----
Polearms       | 4 5 6 8 |  8.4
Fighting       | |  2.4
Throwing       | |  2.0
Dodging        | |  3.2

Action                   |  1- 3 |  4- 6 || total
-------------------------+-------+-------++-------
Melee: Trident           |    78 |   130 ||   208
       Headbutt          |    10 |    17 ||    27
Throw: Throwing net      |     1 |       ||     1
  Use: Scroll            |     3 |     3 ||     6
       Potion            |     3 |     5 ||     8
 Stab: Sleeping          |     1 |       ||     1
  Eat: Chunk             |       |     4 ||     4
Armor: Leather armour    |    24 |    16 ||    40
Dodge: Dodged            |    54 |    49 ||   103
